 Dungeon Crawl Stone Soup version 0.29.1-2-gbd0b4ee654 (webtiles) character file.

Game seed: 77836584468718489

5 Icepheonix32 the Insei (level 1, 0/15 HPs)
             Began as a Demigod Transmuter on Nov 9, 2022.
             Slain by a quokka (4 damage)
             ... on level 1 of the Dungeon.
             The game lasted 00:00:16 (292 turns).

Icepheonix32 the Insei (Demigod Transmuter)          Turns: 292, Time: 00:00:17

Health: 0/15       AC:  2    Str: 11    XL:     1   Next: 53%
Magic:  4/5        EV: 12    Int: 15    God:
Gold:   0          SH:  0    Dex: 14    Spells: 2/3 levels left

rFire   . . .      SeeInvis .     - Unarmed
rCold   . . .      Faith    .   (no shield)
rNeg    . . .      Spirit   .   a - +0 robe
rPois   .          Reflect  .   (helmet currently unavailable)
rElec   .          Harm     .   (no cloak)
rCorr   .          Rampage  .   (no gloves)
Will    .....                   (boots currently unavailable)
Stlth   +.........              (no amulet)
HPRegen 0.05/turn               (no ring)
MPRegen 0.09/turn               (no ring)

@: appendages (expiring)
A: horns 2, talons 2, high MP 1, forlorn, divine attributes
a: End Transformation


You were on level 1 of the Dungeon.
You had temporarily grown beastly horns and talons.
You visited 1 branch of the dungeon, and saw 1 of its levels.

Inventory:

Armour
 a - a +0 robe (worn)
Scrolls
 c - a scroll of identify {unknown}
Potions
 b - a potion of lignification


   Skills:
 + Level 0.8 Fighting
 + Level 1.7 Dodging
 + Level 3.0 Unarmed Combat
 + Level 1.9 Spellcasting
 + Level 1.7 Transmutations


You had 2 spell levels left.
You knew the following spells:

 Your Spells              Type           Power      Damage    Failure   Level
a - Beastly Appendage     Tmut           12%        N/A       11%         1

Your spell library contained the following spells:

 Spells                   Type           Power      Damage    Failure   Level
 Wereblood                Tmut           6%         N/A       17%         2
 Spider Form              Tmut/Pois      4%         N/A       43%         3
 Ice Form                 Ice/Tmut       4%         N/A       83%         4


Dungeon Overview and Level Annotations

Branches:
Dungeon (1/15)


Innate Abilities, Weirdness & Mutations

You have temporarily grown beastly horns and talons.
You have an increased reservoir of magic. (+10% MP)
You shall have no god before yourself.
Your divine heritage dramatically boosts your attributes as you level up.


Message History

No target in view!
No target in view!
No target in view!
No target in view!
No target in view!
No target in view!
Your transformation is almost over.
Your horns disappear.
Your talons disappear.
Found 7 stones.
A bat comes into view.
The bat hits you but does no damage.
You grow a pair of large bovine horns.
Your feet morph into talons.
The bat hits you but does no damage. x2
You hit the bat.
You kill the bat!
Your transformation is almost over.
You see here 7 stones.
Your horns disappear.
Your talons disappear.
An endoplasm and a quokka come into view.
There are monsters nearby!
You grow a pair of large bovine horns.
Your feet morph into talons.
A rat comes into view.
You hit the rat.
You kill the rat!
Your Unarmed Combat skill increases to level 3!
The endoplasm jiggles.
You see here a rat corpse.
You miss the quokka. You headbutt the quokka.
The quokka is moderately wounded.
The quokka bites you. The quokka closely misses you.
You barely miss the quokka. Your kick misses the quokka.
The quokka is moderately wounded.
The endoplasm hits you. The quokka bites you.
* * * LOW HITPOINT WARNING * * *
You are too injured to fight recklessly!
You barely miss the quokka.
The quokka is moderately wounded.
Your transformation is almost over.
The quokka bites you.
You die...

#.........########.####..
#.#######............#...
#.##...##..#######.###...
#.#.....#.## #.# #...
#..†....#.# #.# #...
#.#(....#.## #.# #...
#.##...##..# #.###..#
...###.###..# #.......
##.......@r.# #####..#
######...J...... #...
#.######### #... #.# #...
#.# #... #.# #... #.#
##.. #.#


You could see an endoplasm and a quokka.

Vanquished Creatures
  2 bats (D:1)
  An endoplasm (D:1)
  A goblin (D:1)
  A rat (D:1)
5 creatures vanquished.

Notes
Turn   | Place    | Note
-------+----------+-------------------------------------------
     0 | D:1      | Icepheonix32 the Demigod Transmuter began the quest for the
                  | Orb.
     0 | D:1      | Reached XP level 1. HP: 15/15 MP: 5/5
   289 | D:1      | Reached skill level 3 in Unarmed Combat
   292 | D:1      | Slain by a quokka

Illustrated notes

Levels and vault maps discovered:
D:1:      matt_arrival_grand_opening, layout_loops_ring,
          minmay_misc_feat_enclosed, st_stairs_3, serial_bayou_pond_a

Skill      XL: |  1 |
---------------+----+-----
Unarmed Combat | 3 |  3.0
Fighting       | |  0.8
Dodging        | |  1.7
Spellcasting   | |  1.9
Transmutations | |  1.7

Action                   || total
-------------------------++-------
Melee: Unarmed           ||    13
       Headbutt          ||     2
 Cast: Beastly Appendage ||     4
Armor: Robe              ||     5
Dodge: Dodged            ||     6
